 Dungeon Crawl Stone Soup version 0.25-a0-975-gcae8493d64 (webtiles) character file.

Game seed: 5222804457950728630, levelgen mode: deterministic

9461 gruber the Blocker (level 11, 23/89 HPs)
             Began as a Gnoll Fighter on May 9, 2020.
             Was a High Priest of Okawaru.
             Quit the game on level 1 of the Abyss.
             The game lasted 00:16:10 (11110 turns).

gruber the Blocker (Gnoll Fighter)                 Turns: 11110, Time: 00:16:10

Health: 23/89      AC:  9    Str: 17    XL:     11   Next: 46%
Magic:  21/29      EV: 14    Int: 11    God:    Okawaru [*****.]
Gold:   461        SH: 11    Dex: 14    Spells: 22/22 levels left

rFire    . . .     SeeInvis .   M - +3 trident
rCold    + + .     Gourm    .   c - +0 kite shield
rNeg     . . .     Faith    .   q - +1 leather armour of Grot {rC++ Regen+ Str-5}
rPois    .         Spirit   +   w - +0 helmet
rElec    .         Reflect  .   K - scarf {Spirit}
rCorr    .         Harm     .   F - +1 pair of gloves
MR       .....                  (no boots)
Stlth    ++++......             (no amulet)
HPRegen  0.64/turn              l - ring of magical power
MPRegen  0.21/turn              g - ring of stealth

@: mildly poisoned (23 -> 22), slowed, very slow
A: distributed training, fangs 1, strong nose
a: Heroism, Finesse, Renounce Religion


You were on level 1 of the Abyss.
You worshipped Okawaru.
Okawaru was extremely pleased with you.
You were not hungry.

You visited 2 branches of the dungeon, and saw 12 of its levels.
You visited the Abyss 1 time.

You collected 698 gold pieces.
You spent 237 gold pieces at shops.

Inventory:

Hand Weapons
 D - a +2 vorpal war axe
 L - a +1 long sword of flaming
 M - a +3 trident (weapon)
Missiles
 k - 65 poisoned darts (quivered)
Armour
 c - a +0 kite shield (worn)
 q - the +1 leather armour of Grot (worn) {rC++ Regen+ Str-5}
   (You found it on level 10 of the Dungeon)

   It affects your strength (-5).
   It greatly protects you from cold.
   It increases your rate of regeneration.
 w - a +0 helmet (worn)
 z - a scarf of repulsion
 F - a +1 pair of gloves (worn)
 H - a scarf of cloud immunity
 K - a scarf of spirit shield (worn)
Jewellery
 g - a ring of stealth (right hand)
 i - a cursed amulet of magic regeneration
 l - a ring of magical power (left hand)
Wands
 a - a wand of polymorph (14)
 b - a wand of random effects (12)
 r - a wand of paralysis (14)
Scrolls
 h - a scroll of fog
 m - 5 scrolls of remove curse
 o - 4 scrolls of identify
 t - a scroll of fear {unknown}
 u - 7 scrolls of teleportation
 x - 5 scrolls of immolation {unknown}
 y - 4 scrolls of enchant weapon
 A - a scroll of blinking {unknown}
 B - a scroll of vulnerability {unknown}
 C - a scroll of silence {unknown}
 E - a scroll of amnesia {unknown}
 J - a scroll of torment {unknown}
 N - a scroll of acquirement {unknown}
 Q - a scroll of brand weapon {unknown}
 S - a scroll of enchant armour
Potions
 d - 2 potions of might
 e - 8 potions of heal wounds
 j - 2 potions of resistance
 n - a potion of brilliance
 p - 4 potions of curing
 v - 3 potions of invisibility
 G - 2 potions of stabbing
 I - a potion of ambrosia
 R - a potion of lignification
 T - a potion of magic {unknown}
 U - a potion of flight {unknown}
Comestibles
 f - 23 rations
 s - a chunk of flesh


   Skills:
 + Level 9.1 Fighting
 + Level 6.2 Short Blades
 + Level 6.2 Long Blades
 + Level 6.2 Axes
 + Level 6.2 Maces & Flails
 + Level 7.8 Polearms
 + Level 6.2 Staves
 + Level 6.2 Slings
 + Level 6.2 Bows
 + Level 6.2 Crossbows
 + Level 6.2 Throwing
 + Level 9.1 Armour
 + Level 6.2 Dodging
 + Level 6.2 Stealth
 + Level 9.1 Shields
 + Level 6.2 Unarmed Combat
 + Level 6.2 Spellcasting
 + Level 5.1 Conjurations
 + Level 5.1 Hexes
 + Level 5.1 Charms
 + Level 5.1 Summonings
 + Level 5.1 Necromancy
 + Level 5.1 Translocations
 + Level 5.1 Transmutations
 + Level 5.1 Fire Magic
 + Level 5.1 Ice Magic
 + Level 5.1 Air Magic
 + Level 5.1 Earth Magic
 + Level 5.1 Poison Magic
 + Level 6.8 Invocations
 + Level 6.2 Evocations


You had 22 spell levels left.
You didn't know any spells.
Your spell library was empty.

Dungeon Overview and Level Annotations

Branches:
Dungeon (11/15)            Temple (1/1) D:4            Lair (0/6) D:10
    Orc (0/2) D:9

Altars:
Ashenzari
Cheibriados
Dithmenos
Elyvilon
Fedhas
Gozag
Hepliaklqana
Kikubaaqudgha
Makhleb
Nemelex Xobeh
Okawaru
Qazlal
Ru
Sif Muna
Trog
Uskayaw
Vehumet
Wu Jian
Xom
Yredelemnul
Zin
The Shining One

Shops:
D:4 *:!*   D:9 ?

Annotations:
D:5 3 runed translucent doors, Flugslaktarn's ghost, amateur MiFi
D:11 Sonja


Innate Abilities, Weirdness & Mutations

Your experience applies equally to all skills.
You have very sharp teeth.
Your uncanny sense of smell can sniff out nearby items.


Message History

Unknown command.
You feel very sick.
You feel very sick.
You feel very sick.
You feel very sick.
You feel sick.
You feel very sick.
You feel sick.
You feel sick.
You feel sick.
You feel sick.
You feel sick.
You feel sick.
You feel sick.
You feel sick.
You feel sick.
You feel sick.
You feel sick.
A wretched star assembles itself!
Are you sure you want to abandon this character and quit the game? (Confirm with "yes".)

..#..#... ∩
#........ ..
#....._.. §..
#.......
*...###.....#..
.............
#.......# #@#
...............
..#.########...
∆ ∆ ∆


You could see a wretched star (wandering).

Vanquished Creatures
  A hydra (D:10)
  Urug (D:10)
  Maggie (D:7)
  A troll (D:9)
  Grinder (D:3)
  3 hippogriffs
  2 wyverns
  A hungry ghost (D:7)
  A water moccasin (D:9)
  4 porcupines
  An ice beast (D:7)
  7 orc warriors
  2 black bears
  4 phantoms
  9 ogres
  4 centaurs
  A crocodile (D:9)
  Blork the orc (D:5)
  A big kobold (D:10)
  4 bullfrogs
  A wyvern zombie (D:8)
  A wyvern skeleton (D:7)
  4 scorpions
  6 killer bees (D:8)
  8 wights
  5 howler monkeys (D:8)
  An electric eel (D:10)
  4 crimson imps
  A quasit (D:7)
  2 bullfrog zombies
  9 hounds
  5 jellies
  3 centaur skeletons
  7 orc priests
  A gnoll shaman (D:7)
  3 bullfrog skeletons
  4 iguanas
  12 orc wizards
  7 worker ants
  A hound skeleton (D:5)
  A howler monkey zombie (D:10)
  Robin (D:3)
  10 gnolls
  5 adders
  8 oozes
  An adder skeleton (D:9)
  A worm (D:3)
  4 dart slugs
  7 leopard geckos
  58 orcs
  2 giant cockroaches
  14 goblins
  7 hobgoblins
  8 jackals
  4 quokkas
  A ball python (D:3)
  6 bats
  5 frilled lizards
  14 kobolds
  3 rats
295 creatures vanquished.

Vanquished Creatures (others)
  A fungus (D:10)
1 creature vanquished.

Grand Total: 296 creatures vanquished

Notes
Turn   | Place    | Note
-------+----------+-------------------------------------------
     0 | D:1      | gruber the Gnoll Fighter began the quest for the Orb.
     0 | D:1      | Reached XP level 1. HP: 23/23 MP: 1/1
   186 | D:1      | Reached XP level 2. HP: 29/29 MP: 2/2
   481 | D:1      | Reached XP level 3. HP: 35/35 MP: 3/3
  1294 | D:2      | Reached skill level 1 in Invocations
  1476 | D:3      | Reached skill level 1 in Short Blades
  1476 | D:3      | Reached skill level 1 in Long Blades
  1476 | D:3      | Reached skill level 1 in Axes
  1476 | D:3      | Reached skill level 1 in Maces & Flails
  1476 | D:3      | Reached skill level 1 in Staves
  1476 | D:3      | Reached skill level 1 in Slings
  1476 | D:3      | Reached skill level 1 in Bows
  1476 | D:3      | Reached skill level 1 in Crossbows
  1476 | D:3      | Reached skill level 1 in Throwing
  1476 | D:3      | Reached skill level 1 in Dodging
  1476 | D:3      | Reached skill level 1 in Stealth
  1476 | D:3      | Reached skill level 1 in Unarmed Combat
  1476 | D:3      | Reached skill level 1 in Spellcasting
  1476 | D:3      | Reached skill level 1 in Evocations
  1476 | D:3      | Reached XP level 4. HP: 19/41 MP: 5/5
  1719 | D:3      | Noticed Grinder
  1731 | D:3      | Reached skill level 1 in Conjurations
  1731 | D:3      | Reached skill level 1 in Hexes
  1731 | D:3      | Reached skill level 1 in Charms
  1731 | D:3      | Reached skill level 1 in Summonings
  1731 | D:3      | Reached skill level 1 in Necromancy
  1731 | D:3      | Reached skill level 1 in Translocations
  1731 | D:3      | Reached skill level 1 in Transmutations
  1731 | D:3      | Reached skill level 1 in Fire Magic
  1731 | D:3      | Reached skill level 1 in Ice Magic
  1731 | D:3      | Reached skill level 1 in Air Magic
  1731 | D:3      | Reached skill level 1 in Earth Magic
  1731 | D:3      | Reached skill level 1 in Poison Magic
  1739 | D:3      | Killed Grinder
  1739 | D:3      | Reached XP level 5. HP: 31/47 MP: 7/7
  1739 | D:3      | Reached XP level 6. HP: 35/53 MP: 8/8
  1937 | D:3      | Reached skill level 5 in Polearms
  2050 | D:3      | Noticed Robin
  2075 | D:3      | Killed Robin
  2628 | D:4      | Found a staircase to the Ecumenical Temple.
  2634 | Temple   | Entered the Ecumenical Temple
  2739 | Temple   | Became a worshipper of Warmaster Okawaru
  2873 | D:4      | Found Walenliq's Assorted Antiques.
  2948 | D:4      | Found Lesaysh's Distillery.
  2952 | D:4      | Found Moghiyrgh's Book Shop.
  2961 | D:4      | Found Obausol's Assorted Antiques.
  2965 | D:4      | Bought a potion of heal wounds for 70 gold pieces
  2965 | D:4      | Bought a potion of curing for 42 gold pieces
  3253 | D:4      | Reached XP level 7. HP: 59/59 MP: 10/10
  3281 | D:5      | Entered Level 5 of the Dungeon
  3419 | D:5      | Found a runed translucent gate.
  3420 | D:5      | Found a runed translucent gate.
  3422 | D:5      | Found a runed translucent gate.
  3437 | D:5      | Noticed Flugslaktarn's ghost (amateur MiFi)
  3474 | D:5      | Noticed Blork the orc
  3482 | D:5      | Killed Blork the orc
  3847 | D:5      | Reached * piety under Okawaru
  4088 | D:5      | Reached XP level 8. HP: 54/67 MP: 12/12
  4373 | D:6      | Noticed a wyvern
  4381 | D:6      | Killed a wyvern
  5059 | D:6      | Reached ** piety under Okawaru
  5310 | D:6      | Reached XP level 9. HP: 72/72 MP: 14/14
  6102 | D:7      | Reached *** piety under Okawaru
  6403 | D:7      | Noticed Maggie
  6526 | D:7      | Killed Maggie
  6526 | D:7      | Reached skill level 5 in Invocations
  7023 | D:7      | Reached XP level 10. HP: 73/80 MP: 17/17
  7387 | D:8      | Reached **** piety under Okawaru
  7499 | D:8      | Reached skill level 5 in Short Blades
  7499 | D:8      | Reached skill level 5 in Long Blades
  7499 | D:8      | Reached skill level 5 in Axes
  7499 | D:8      | Reached skill level 5 in Maces & Flails
  7499 | D:8      | Reached skill level 5 in Staves
  7499 | D:8      | Reached skill level 5 in Slings
  7499 | D:8      | Reached skill level 5 in Bows
  7499 | D:8      | Reached skill level 5 in Crossbows
  7499 | D:8      | Reached skill level 5 in Throwing
  7499 | D:8      | Reached skill level 5 in Dodging
  7499 | D:8      | Reached skill level 5 in Stealth
  7499 | D:8      | Reached skill level 5 in Unarmed Combat
  7499 | D:8      | Reached skill level 5 in Spellcasting
  7499 | D:8      | Reached skill level 5 in Evocations
  7887 | D:8      | Found a shimmering altar of Xom.
  7888 | D:8      | Found a sparkling altar of Nemelex Xobeh.
  8733 | D:9      | Reached ***** piety under Okawaru
  8766 | D:9      | Received a gift from Okawaru
  8951 | D:9      | Found a staircase to the Orcish Mines.
  9157 | D:9      | Found Moesamin's Magic Scroll Shop.
  9177 | D:9      | Bought a scroll of teleportation for 30 gold pieces
  9177 | D:9      | Bought a scroll of identify for 20 gold pieces
  9177 | D:9      | Bought a scroll of enchant armour for 75 gold pieces
  9276 | D:9      | Reached XP level 11. HP: 87/87 MP: 19/19
  9366 | D:9      | Found a blossoming altar of Fedhas.
  9366 | D:9      | Found a snail-covered altar of Cheibriados.
  9819 | D:10     | Entered Level 10 of the Dungeon
  9822 | D:10     | Found a staircase to the Lair.
 10022 | D:10     | Found a hide-covered altar of Uskayaw.
 10433 | D:10     | Received a gift from Okawaru
 10471 | D:10     | Reached skill level 5 in Conjurations
 10471 | D:10     | Reached skill level 5 in Hexes
 10471 | D:10     | Reached skill level 5 in Charms
 10471 | D:10     | Reached skill level 5 in Summonings
 10471 | D:10     | Reached skill level 5 in Necromancy
 10471 | D:10     | Reached skill level 5 in Translocations
 10471 | D:10     | Reached skill level 5 in Transmutations
 10471 | D:10     | Reached skill level 5 in Fire Magic
 10471 | D:10     | Reached skill level 5 in Ice Magic
 10471 | D:10     | Reached skill level 5 in Air Magic
 10471 | D:10     | Reached skill level 5 in Earth Magic
 10471 | D:10     | Reached skill level 5 in Poison Magic
 10736 | D:10     | Got an ichor-stained leather armour
 10737 | D:10     | Identified the +1 leather armour of Grot {rC++ Regen+
                  | Str-5} (You found it on level 10 of the Dungeon)
 10827 | D:10     | Noticed Urug
 10846 | D:10     | Noticed a five-headed hydra
 10854 | D:10     | Killed Urug
 10866 | D:10     | Killed a five-headed hydra
 11083 | D:11     | Noticed Sonja
 11091 | D:11     | Cast into level 1 of the Abyss (Sonja)
 11091 | Abyss:1  | Found a corrupted altar of Lugonu.
 11110 | Abyss:1  | Noticed a wretched star
 11110 | Abyss:1  | Quit the game

Illustrated notes

Levels and vault maps discovered:
D:1:      ncdulo_watergridlock, layout_basic
D:2:      layout_basic
D:3:      layout_rooms, uniq_grinder, uniq_robin
D:4:      layout_loops_ring, minmay_temple_entry_drinking_statues, first_ration,
          serial_shops, shop_coins, shop, nicolae_shop_trees,
          nicolae_shop_crystal
D:5:      layout_loops_ring, gammafunk_ghost_split, hangedman_glass_garden,
          uniq_blork_the_orc
D:6:      layout_rooms
D:7:      layout_layer_cave, uniq_maggie
D:8:      layout_rooms, gammafunk_temple_overflow_pools, enter_bailey_3,
          hangedman_little_slice_of_home
D:9:      layout_rooms, amethyst_overflow_temple_binary, david_orc_1_choice,
          serial_shops, shop
D:10:     layout_small_grid, due_lair_maze_entry_diamond, basic_altar,
          kennysheep_potato, uniq_urug
D:11:     layout_irregular_city, uniq_sonja
Temple:   compressed_dpeg_circular_temple
Abyss:1:  base:
D:7

Skill      XL: |  1  2  3  4  5  6  7  8  9 10 11 |
---------------+----------------------------------+-----
Invocations    | 1 2 3 4 5 6 |  6.8
Short Blades   | 1 2 3 4 5 6 |  6.2
Long Blades    | 1 2 3 4 5 6 |  6.2
Axes           | 1 2 3 4 5 6 |  6.2
Maces & Flails | 1 2 3 4 5 6 |  6.2
Staves         | 1 2 3 4 5 6 |  6.2
Slings         | 1 2 3 4 5 6 |  6.2
Bows           | 1 2 3 4 5 6 |  6.2
Crossbows      | 1 2 3 4 5 6 |  6.2
Throwing       | 1 2 3 4 5 6 |  6.2
Dodging        | 1 2 3 4 5 6 |  6.2
Stealth        | 1 2 3 4 5 6 |  6.2
Unarmed Combat | 1 2 3 4 5 6 |  6.2
Spellcasting   | 1 2 3 4 5 6 |  6.2
Evocations     | 1 2 3 4 5 6 |  6.2
Conjurations   | 1 2 3 4 5 |  5.1
Hexes          | 1 2 3 4 5 |  5.1
Charms         | 1 2 3 4 5 |  5.1
Summonings     | 1 2 3 4 5 |  5.1
Necromancy     | 1 2 3 4 5 |  5.1
Translocations | 1 2 3 4 5 |  5.1
Transmutations | 1 2 3 4 5 |  5.1
Fire Magic     | 1 2 3 4 5 |  5.1
Ice Magic      | 1 2 3 4 5 |  5.1
Air Magic      | 1 2 3 4 5 |  5.1
Earth Magic    | 1 2 3 4 5 |  5.1
Poison Magic   | 1 2 3 4 5 |  5.1
Polearms       | 5 6 7 |  7.8
Fighting       | 7 8 9 |  9.1
Armour         | 7 8 9 |  9.1
Shields        | 7 8 9 |  9.1

Action                   |  1- 3 |  4- 6 |  7- 9 | 10-12 || total
-------------------------+-------+-------+-------+-------++-------
Melee: Trident           |    24 |   144 |   374 |   591 ||  1133
       Bite              |     9 |    10 |    59 |    75 ||   153
       Spear             |   107 |    12 |       |       ||   119
       War axe           |       |       |    52 |       ||    52
Throw: Dart              |       |       |     4 |     2 ||     6
Invok: Heroism           |       |       |     3 |     4 ||     7
       Finesse           |       |       |       |     1 ||     1
Evoke: Wand              |       |       |       |     5 ||     5
  Use: Scroll            |     4 |     1 |       |     8 ||    13
       Potion            |       |     1 |       |       ||     1
 Stab: Sleeping          |       |     1 |     7 |    21 ||    29
       Distracted        |       |     1 |       |     5 ||     6
  Eat: Chunk             |     1 |     7 |    15 |    14 ||    37
Armor: Scale mail        |    25 |    35 |   125 |       ||   185
       Steam dragon scal |       |       |     5 |    95 ||   100
       Leather armour    |       |       |       |     3 ||     3
Dodge: Dodged            |    19 |    37 |   108 |   194 ||   358
Block: Kite shield       |    46 |    69 |   219 |   262 ||   596

Table legend:
 A = Non-vault XP
 B = Vault XP
 C = Vault XP percentage of total XP
 D = Non-vault monster count
 E = Vault monster count
 F = Vault count percentage of total count
                 A         B        C        D         E       F
            +---------+---------+-------+---------+---------+-------
      Total |    9744 |    3773 |  27.9 |     249 |      46 |  15.6
            +---------+---------+-------+---------+---------+-------
        D:1 |      36 |       0 |   0.0 |      18 |       0 |   0.0
        D:2 |      26 |       0 |   0.0 |       9 |       0 |   0.0
        D:3 |     184 |     314 |  63.1 |      33 |      13 |  28.3
        D:4 |      57 |       0 |   0.0 |       8 |       0 |   0.0
        D:5 |     561 |     100 |  15.1 |      21 |       1 |   4.5
        D:6 |    1455 |       0 |   0.0 |      36 |       0 |   0.0
        D:7 |    1997 |     418 |  17.3 |      31 |       1 |   3.1
        D:8 |    2429 |     164 |   6.3 |      46 |      12 |  20.7
        D:9 |    1207 |    1046 |  46.4 |      26 |      12 |  31.6
       D:10 |    1720 |    1731 |  50.2 |      20 |       7 |  25.9
       D:11 |      72 |       0 |   0.0 |       1 |       0 |   0.0
            +---------+---------+-------+---------+---------+-------
